 Dungeon Crawl Stone Soup version 0.21.1-1-g345015f (webtiles) character file.

70 rlgrobin the Covered (level 4, 0/38 HPs)
             Began as a Barachi Fighter on Feb 5, 2018.
             Succumbed to a goblin's poison
             ... on level 2 of the Dungeon.
             The game lasted 00:05:05 (731 turns).

rlgrobin the Covered (Barachi Fighter)               Turns: 731, Time: 00:05:06

Health: 0/38       AC:  7    Str: 23    XL:     4   Next: 21%
Magic:  4/4        EV:  7    Int:  9    God:
Gold:   17         SH:  9    Dex: 11    Spells: 3/3 levels left

rFire    . . .     SeeInvis .   a - +0 trident
rCold    . . .     Gourm    .   c - +0 shield
rNeg     . . .     Faith    .   b - +0 scale mail
rPois    .         Spirit   .   (no helmet)
rElec    .         Reflect  .   (no cloak)
rCorr    .         Harm     .   (no gloves)
MR       .....                  (no boots)
Stlth    ..........             (no amulet)
HPRegen  0.12/turn              (no ring)
MPRegen  0.09/turn              (no ring)

@: mighty, lethally poisoned (0 -> -4), slow
A: +LOS, swims, slowness 1, strong legs 1
a: Hop


You were on level 2 of the Dungeon.
You were not hungry.

You visited 1 branch of the dungeon, and saw 2 of its levels.

You collected 17 gold pieces.


Innate Abilities, Weirdness & Mutations

Shadows flee at your approach. (+LOS)
You can swim through water.
You cover ground slowly.
You can hop short distances.


   Skills:
 + Level 4.3 Fighting
 + Level 2.7 Polearms
 + Level 4.3 Armour
 + Level 3.9 Shields


You had 3 spell levels left.
You didn't know any spells.

Inventory:

Hand Weapons
 a - a +0 trident (weapon)
Armour
 b - a +0 scale mail (worn)
 c - a +0 shield (worn)
Scrolls
 e - a scroll of remove curse
Potions
 d - a potion of might
Comestibles
 f - 4 rations

Dungeon Overview and Level Annotations

Branches:
Dungeon (2/15)

Altars:

.......>....▒
▒▒▒+▒▒+▒.▒▒▒▒▒.....▒
▒........▒...▒.▒+▒.▒ .
▒........▒.▒.▒...... ..
▒..............▒.▒.▒ ▒...
▒............▒.▒.▒.▒
▒....▒...........▒▒+▒.▒†▒
▒.....£...............▒.▒
▒.F.....▒▒▒▒....▒.▒
.▒.......▒..+....†<.
...................)..
▒.....▒+▒.....▒▒▒▒▒▒▒▒..
...... ▒▒.▒...▒ ▒..
...g... ...▒.⌠... ▒..
.....▒ ▒.▒▒.▒.....≈ ▒..
..... ▒ ......≈.≈.. ▒..
.... ....≈≈≈≈≈..▒▒..


You could see a hobgoblin.


Message History

* * * don't die
* * * You feel sick!
You take 1 damage, and have 7/38 hp! * * * don't die
* * * You feel sick!
Found 18 gold pieces!
You take 1 damage, and have 6/38 hp! * * * don't die
* * * You feel sick!
You take 1 damage, and have 5/38 hp! * * * don't die
* * * You feel sick!
You take 1 damage, and have 4/38 hp! * * * don't die
* * * You feel sick!
You take 1 damage, and have 3/38 hp! * * * don't die
* * * You feel sick!
You see here a potion of might!
You take 1 damage, and have 2/38 hp!
d - a potion of might * * * don't die
* * * You feel sick!
You take 1 damage, and have 2/38 hp! * * * don't die
* * * You feel sick!
You take 1 damage, and have 1/38 hp!
There is a lethal amount of poison in your body!!!
A hobgoblin comes into view!
The hobgoblin shouts!!! rip

Action                   |  1- 3 |  4- 6 || total
-------------------------+-------+-------++-------
Melee: Trident           |   113 |     5 ||   118
  Use: Potion            |     1 |       ||     1
       Scroll            |       |     1 ||     1
Armor: Scale mail        |    38 |     4 ||    42
Dodge: Dodged            |    25 |     1 ||    26
Block: Shield            |    50 |       ||    50

Vault maps used:
D:1:      nzn_arrival_crosshair, serial_glass, glass_columns_b, glass_columns_b,
          glass_columns_a, glass_columns_b, minmay_misc_feat_secret_circle
D:2:      kiku_gazebo_pond_becter, elyvilon_altar_3, nemelex_altar_shiori,
          marbit_many_paths, uniq_sigmund, uniq_jessica

Notes
Turn   | Place    | Note
-------+----------+-------------------------------------------
     0 | D:1      | rlgrobin the Barachi Fighter began the quest for the Orb.
     0 | D:1      | Reached XP level 1. HP: 18/18 MP: 1/1
    84 | D:1      | Reached XP level 2. HP: 25/25 MP: 2/2
   328 | D:1      | Reached skill level 4 in Fighting
   328 | D:1      | Reached skill level 4 in Armour
   344 | D:1      | Reached XP level 3. HP: 25/30 MP: 3/3
   699 | D:2      | Noticed Jessica
   707 | D:2      | Killed Jessica
   707 | D:2      | Reached XP level 4. HP: 27/37 MP: 4/4
   725 | D:2      | HP: 3/38 [poisoned by a goblin]
   729 | D:2      | HP: 1/38 [poisoned by a goblin]
   731 | D:2      | Succumbed to a goblin's poison

Vanquished Creatures
  Jessica (D:2)
  2 leopard geckos (D:1)
  A ball python (D:1)
  3 bats
  A giant cockroach (D:1)
  4 goblins
  5 hobgoblins
  8 jackals
  2 kobolds (D:1)
  2 frilled lizards (D:1)
  7 rats
36 creatures vanquished.
